 Dungeon Crawl Stone Soup version bcrawl-1.28 (webtiles) character file.

Game seed: 1263185146115222813

601744 Kalegnar the Zephyrmancer (level 13, -21/81 HPs)
             Began as a Fairy Air Elementalist on Nov 9, 2020.
             Was a High Priest of Vehumet.
             Demolished by toni2068's ghost (30 damage)
             ... on level 5 of the Lair of Beasts on Nov 10, 2020.
             The game lasted 01:05:12 (10203 turns).

Kalegnar the Zephyrmancer (Fairy Air Elementalist) Turns: 10203, Time: 01:05:13

Health: -21/81     AC:  8    Str:  6    XL:     13   Next: 37%
Magic:  0/40       EV: 16    Int: 22    God:    Vehumet [*****.]
Gold:   811        SH: 18    Dex: 15    Spells: 0/36 levels left

rFire    + . .     SeeInvis .   a - +0 dagger (venom)
rCold    + . .     Gourm    .   L - +0 medium shield
rNeg     . . .     Faith    .   (armour unavailable)
rPois    .         Spirit   +   (no helmet)
rElec    +         Reflect  .   N - scarf {rC+ rF+}
rCorr    .         Harm     .   (no gloves)
MR       +....                  d - +0 pair of boots
Stlth    +.........             j - amulet of guardian spirit
HPRegen  0.23/turn              p - ring of magical power
MPRegen  0.27/turn              s - ring of insulation

@: flying evasively, very slightly contaminated
A: small, magic attunement, unstealthy, unfitting armour, able to fly, AC/SH +7
a: Stop Flying, Renounce Religion


You were on level 5 of the Lair of Beasts.
You worshipped Vehumet.
Vehumet was extremely pleased with you.
You were hungry.

You visited 3 branches of the dungeon, and saw 13 of its levels.

You collected 892 gold pieces.
You spent 81 gold pieces at shops.

Inventory:

Hand Weapons
 a - a +0 dagger of venom (weapon)
 b - a +0 blowgun
Missiles
 t - 2 throwing nets {=f}
 E - 99 poisoned needles
 M - 67 curare-tipped needles
Armour
 d - a +0 pair of boots (worn)
 L - a +0 medium shield (worn)
 N - a scarf of resistance (worn)
Jewellery
 j - an amulet of guardian spirit (around neck)
 p - a ring of magical power (left hand)
 q - an uncursed ring of stealth
 s - a ring of insulation (right hand)
 y - a +3 ring of dexterity
 K - a +6 ring of strength
Wands
 x - a wand of disintegration (9)
 D - a wand of iceblast (4)
 F - a wand of paralysis (13)
 I - a wand of random effects (6)
Scrolls
 c - 2 scrolls of fog {unknown}
 f - a scroll of brand weapon {unknown}
 g - 7 scrolls of enchant armour
 i - 3 scrolls of remove curse
 l - a scroll of noise {unknown}
 n - 7 scrolls of amnesia
 o - 2 scrolls of blinking {unknown}
 r - 2 scrolls of fear {unknown}
 v - 3 scrolls of enchant weapon
 w - 3 scrolls of immolation
 C - 6 scrolls of teleportation
 H - 2 scrolls of torment {unknown}
 P - a scroll of magic mapping {unknown}
 Q - a scroll of summoning {unknown}
Potions
 h - 3 potions of curing
 k - 6 potions of lignification
 m - 2 potions of magic {unknown}
 u - 2 potions of mutation
 z - 3 potions of invisibility
 A - a potion of haste {unknown}
 B - 3 potions of flight
 J - 2 potions of degeneration {unknown}
 O - a potion of resistance
 R - a potion of heal wounds {unknown}
Miscellaneous
 G - a phantom mirror
Comestibles
 e - 25 rations {!d}


   Skills:
 - Level 5.0 Fighting
 - Level 6.0 Short Blades
 - Level 6.0 Dodging
 - Level 1.5 Stealth
 * Level 9.2 Shields
 - Level 12.0 Spellcasting
 - Level 12.0 Conjurations
 + Level 5.1 Fire Magic
 + Level 13.2 Air Magic
 + Level 5.1 Poison Magic


You couldn't memorise any spells.
You knew the following spells:

 Your Spells              Type           Power        Failure   Level  Hunger
a - Shock                 Conj/Air       #####        1%          1    None
b - Swiftness             Chrm/Air       #####...     6%          2    None
c - Static Discharge      Air            ######..     1%          3    None
d - Airstrike             Air            ######....   1%          4    None
e - Lightning Bolt        Conj/Air       ######....   2%          5    None
f - Sting                 Conj/Pois      ####         1%          1    None
g - Venom Bolt            Conj/Pois      ######....   13%         5    None
h - Olgreb's Toxic Radia  Pois           #####....    58%         4    None
i - Fireball              Conj/Fire      ######....   13%         5    None
j - Conjure Ball Lightni  Conj/Air       ######....   14%         6    None

Your spell library contained the following spells:

 Spells                   Type           Power        Failure   Level  Hunger
 Poisonous Vapours        Pois/Air       ######       2%          2    None
 Ignite Poison            Fire/Tmut/Pois ####....     13%         3    None
 Ensorcelled Hibernation  Hex/Ice        ##....       67%         2    None
 Summon Scorpions         Summ/Pois      ###.....     91%         4    None
 Borgnjor's Vile Clutch   Necr/Erth      ##........   100%        6    None
 Darkness                 Hex            ##........   100%        6    None
 Infestation              Hex/Tmut/Pois  ###......    100%        6    None
 Shadow Creatures         Summ           N/A          100%        6    None
 Time Stop                Chrm/Tloc      N/A          100%        8    None


Dungeon Overview and Level Annotations

Branches:
Dungeon (7/12)             Temple (1/1) D:5            Lair (5/6) D:7
 Shoals (0/3) Lair:2       Spider (0/3) Lair:4        Slime (0/5) Lair:5

Altars:
Ashenzari
Cheibriados
Elyvilon
Fedhas
Gozag
Hepliaklqana
Kikubaaqudgha
Lugonu
Makhleb
Nemelex Xobeh
Qazlal
Ru
Uskayaw
Vehumet
Xom
Yredelemnul
Zin
The Shining One
Jiyva

Shops:
D:6 *   D:7 =

Annotations:
D:7 1 runed door
Lair:5 1 transporter, toni2068's ghost, journeyman FoAc


Innate Abilities, Weirdness & Mutations

Your spells do not cause hunger and MP costs are reduced by 1.
Your bright wings attract enemies. (Stealth-)
You cannot fit into any form of body armour.
Your shimmering scales are hard and can block incoming attacks. (AC +7, SH +7)
You are small and have problems with some larger weapons.
You can fly continuously.


Message History

Toni2068's ghost is severely damaged.
The zap hits toni2068's ghost but does no damage.
Toni2068's ghost is severely damaged.
The meliai calls down the wrath of its god upon you.
Something smites you!
* * * LOW HITPOINT WARNING * * *
You block toni2068's ghost's attack. The meliai hits you with a +0 war axe!
* * * LOW HITPOINT WARNING * * *
You block the meliai's attack.
Casting: Shock (safe; 1% risk of failure)
Confirm with . or Enter, or press ? or * to list all spells.
Aiming: Shock (safe; 1% risk of failure)
Press: ? - help, Shift-Dir - straight line The zap hits toni2068's ghost.
Toni2068's ghost is severely damaged.
The zap hits toni2068's ghost but does no damage.
Toni2068's ghost is severely damaged.
The meliai barely misses you. You block the meliai's attack.
Toni2068's ghost hits you!!
You die...

.....#...........................
.....>...........................
.........###.###.................
....#...#########....#...#.#..##.
....##.###.###y###..##..P##.##.#.
....##.##...#...##...)..######.#.
...##..##.#.#.####......##..#....
.P.P...##y..#..y##...............
..PP...#y#.#.#y#@#.......P.....#.
.P##P..#yy#...#W.#.....##....##..
.P###.©#yW#.#.#.©#©....##........
..###..#y%# ..#.†#.....###...##..
.P#.#P.#.#.#.#.#.#......#....###.
....#..##%..#.†.##............P..
.......####.###.##...............
#..##P.##y..#...##...P.#.....P.#.
######.###y# #.###...^.###.######


You could see a meliai and toni2068's ghost.

Vanquished Creatures
  Josephine (Lair:4)
  Urug (Lair:4)
  3 hydras
  Harold (Lair:2)
  4 death yaks (Lair:5)
  Nergalle (Lair:2)
  Pikel (D:6)
  A cyclops (D:5)
  An oklob plant (Lair:5)
  An elephant (Lair:1)
  3 black mambas
  A merfolk siren (Lair:2)
  7 cane toads
  4 komodo dragons
  3 rime drakes
  A polar bear (Lair:5)
  A queen bee (Lair:5)
  2 jumping spiders (Lair:4)
  3 hornets
  4 blink frogs (Lair:2)
  Prince Ribbit (D:5)
  2 dream sheep (Lair:1)
  7 hippogriffs
  4 redbacks (Lair:4)
  11 yaks
  4 wraiths (Lair:4)
  2 basilisks (Lair:4)
  A vampire (D:7)
  A hungry ghost (D:6)
  Menkaure (D:4)
  Edmund (D:6)
  3 water moccasins
  11 crocodiles
  Duvessa (D:7)
  An ice beast (D:5)
  3 sky beasts
  An orc warrior (D:6)
  3 slaves (D:6)
  10 porcupines
  2 black bears (D:7)
  4 wolves
  5 ogres
  A necrophage (D:6)
  3 centaurs
  12 bullfrogs
  A big kobold (D:7)
  Dowan (D:7)
  5 killer bees (Lair:5)
  6 scorpions
  4 wights (D:7)
  An electric eel (D:6)
  5 crimson imps
  3 jellies
  A bullfrog zombie (D:6)
  3 orc priests
  A quasit (D:4)
  A hound (D:2)
  A bullfrog skeleton (D:5)
  5 worker ants
  3 orc wizards
  A hound skeleton (D:6)
  A howler monkey zombie (D:5)
  2 worker ant zombies
  A howler monkey skeleton (D:6)
  4 gnolls (D:7)
  11 adders
  2 oozes
  An adder skeleton (D:4)
  4 worms
  3 dart slugs
  6 leopard geckos
  25 orcs
  2 ball pythons (D:1)
  2 bats
  4 giant cockroaches
  8 hobgoblins
  3 jackals (D:5)
  A quokka (D:4)
  4 frilled lizards
  3 goblins
  A jackal skeleton (D:5)
  14 kobolds
  6 rats
289 creatures vanquished.

Vanquished Creatures (others)
  A hydra (Lair:1)
  4 ball lightnings (Lair:5)
  A water moccasin (Lair:1)
  A slave (D:6)
  A hound (D:6)
  A bullfrog skeleton (D:6)
  9 fungi
  9 plants
27 creatures vanquished.

Grand Total: 316 creatures vanquished

Notes
Turn   | Place    | Note
-------+----------+-------------------------------------------
     0 | D:1      | Kalegnar the Fairy Air Elementalist began the quest for the
                  | Orb.
     0 | D:1      | Reached XP level 1. HP: 11/11 MP: 6/6
   144 | D:1      | Reached XP level 2. HP: 17/17 MP: 7/7
   153 | D:1      | Learned a level 2 spell: Swiftness
   443 | D:1      | Reached skill level 4 in Air Magic
   475 | D:1      | Reached XP level 3. HP: 19/21 MP: 9/9
  1028 | D:2      | Reached XP level 4. HP: 27/27 MP: 9/11
  1033 | D:2      | Learned a level 3 spell: Static Discharge
  1038 | D:2      | Learned a level 4 spell: Airstrike
  1647 | D:3      | Reached XP level 5. HP: 28/31 MP: 13/13
  1829 | D:3      | Reached skill level 1 in Short Blades
  2010 | D:4      | Found a hide-covered altar of Uskayaw.
  2010 | D:4      | Noticed an ogre
  2014 | D:4      | Noticed a +0 hand axe
  2015 | D:4      | Killed an ogre
  2015 | D:4      | Reached skill level 5 in Air Magic
  2015 | D:4      | Reached XP level 6. HP: 36/36 MP: 13/14
  2015 | D:4      | Noticed a +0 hand axe
  2015 | D:4      | Noticed Menkaure
  2019 | D:4      | Killed Menkaure
  2023 | D:4      | Reached XP level 7. HP: 27/41 MP: 11/16
  2026 | D:4      | Reached skill level 5 in Spellcasting
  2382 | D:4      | Noticed a hippogriff
  2388 | D:4      | Killed a hippogriff
  2388 | D:4      | Reached skill level 6 in Air Magic
  2473 | D:4      | Reached skill level 5 in Conjurations
  2509 | D:4      | Reached skill level 1 in Fighting
  2509 | D:4      | Reached XP level 8. HP: 48/48 MP: 19/19
  2516 | D:4      | Learned a level 5 spell: Lightning Bolt
  2786 | D:5      | Entered Level 5 of the Dungeon
  2786 | D:5      | Found a staircase to the Ecumenical Temple.
  2795 | Temple   | Entered the Ecumenical Temple
  2877 | Temple   | Became a worshipper of Vehumet
  2926 | D:5      | Found a stormy altar of Qazlal.
  2937 | D:5      | Noticed Prince Ribbit
  2946 | D:5      | Killed Prince Ribbit
  3041 | D:5      | Reached skill level 7 in Air Magic
  3076 | D:5      | Reached * piety under Vehumet
  3076 | D:5      | Offered knowledge of Sting by Vehumet.
  3089 | D:5      | Noticed a cyclops
  3122 | D:5      | Learned a level 1 spell: Sting
  3149 | D:5      | Killed a cyclops
  3149 | D:5      | Reached skill level 5 in Dodging
  3149 | D:5      | Reached XP level 9. HP: 45/54 MP: 15/22
  3227 | D:5      | Reached skill level 8 in Air Magic
  3460 | D:5      | Found a sacrificial altar of Ru.
  3729 | D:6      | Reached ** piety under Vehumet
  3733 | D:6      | Offered knowledge of Magic Dart by Vehumet.
  3776 | D:6      | Reached skill level 9 in Air Magic
  3778 | D:6      | Found a hazy altar of Hepliaklqana.
  3788 | D:6      | Noticed Pikel
  3795 | D:6      | Killed Pikel
  3795 | D:6      | Reached XP level 10. HP: 60/60 MP: 25/25
  3856 | D:6      | Noticed Edmund
  3863 | D:6      | Killed Edmund
  4152 | D:6      | Found Plog's Assorted Antiques.
  4166 | D:6      | Bought a scroll labeled KOHODU NODAOCH for 27 gold pieces
  4166 | D:6      | Bought a scroll labeled TUCRUI BINUSE for 27 gold pieces
  4166 | D:6      | Bought a scroll labeled CIAFRO SIXZIFO for 27 gold pieces
  4254 | D:7      | Found Jieha's Jewellery Boutique.
  4287 | D:7      | Noticed Duvessa
  4289 | D:7      | Noticed Dowan
  4297 | D:7      | Killed Duvessa
  4297 | D:7      | Offered knowledge of Stone Arrow by Vehumet.
  4304 | D:7      | Killed Dowan
  4308 | D:7      | Found an ancient bone altar of Kikubaaqudgha.
  4316 | D:7      | Reached skill level 10 in Air Magic
  4323 | D:7      | Reached *** piety under Vehumet
  4323 | D:7      | Reached skill level 5 in Short Blades
  4331 | D:7      | Reached skill level 10 in Spellcasting
  4548 | D:7      | Found a staircase to the Lair.
  4609 | D:7      | Offered knowledge of Fulminant Prism by Vehumet.
  4707 | D:7      | Learned a level 5 spell: Venom Bolt
  4714 | D:7      | Noticed an angel
  4730 | D:7      | Found a white marble altar of Elyvilon.
  4774 | D:7      | Found a runed door.
  5259 | Lair:1   | Entered Level 1 of the Lair of Beasts
  5293 | Lair:1   | Reached skill level 1 in Poison Magic
  5443 | Lair:1   | Noticed a cane toad
  5451 | Lair:1   | Reached skill level 10 in Conjurations
  5457 | Lair:1   | Killed a cane toad
  5457 | Lair:1   | Reached XP level 11. HP: 51/64 MP: 27/27
  5627 | Lair:1   | Found a shattered altar of Ashenzari.
  5831 | Lair:1   | Killed an eight-headed hydra
  5839 | Lair:1   | Reached skill level 11 in Air Magic
  6113 | Lair:1   | Learned a level 4 spell: Olgreb's Toxic Radiance
  6430 | Lair:2   | Reached **** piety under Vehumet
  6591 | Lair:2   | Offered knowledge of Fireball by Vehumet.
  6598 | Lair:2   | Learned a level 5 spell: Fireball
  6735 | Lair:2   | Found a staircase to the Shoals.
  6812 | Lair:2   | Noticed a seven-headed hydra
  6821 | Lair:2   | Killed a seven-headed hydra
  6821 | Lair:2   | Reached skill level 1 in Fire Magic
  6848 | Lair:2   | Noticed Harold
  6863 | Lair:2   | Killed Harold
  6863 | Lair:2   | Reached XP level 12. HP: 48/73 MP: 15/29
  7139 | Lair:2   | Noticed Nergalle
  7146 | Lair:2   | Killed Nergalle
  7146 | Lair:2   | Reached skill level 1 in Shields
  7471 | Lair:3   | Noticed a five-headed hydra
  7475 | Lair:3   | Killed a five-headed hydra
  7475 | Lair:3   | Reached skill level 12 in Air Magic
  8545 | Lair:4   | Found a hole to the Spider Nest.
  8552 | Lair:4   | Noticed Urug
  8570 | Lair:4   | Killed Urug
  8570 | Lair:4   | Reached skill level 5 in Shields
  8598 | Lair:4   | Reached skill level 5 in Fighting
  8646 | Lair:4   | Upgraded the game from bcrawl-1.27.8b to bcrawl-1.28
  8675 | Lair:4   | Noticed a seven-headed hydra
  8679 | Lair:4   | Killed a seven-headed hydra
  8784 | Lair:4   | Noticed Josephine
  8793 | Lair:4   | Killed Josephine
  8796 | Lair:4   | Reached XP level 13. HP: 60/81 MP: 11/31
  9293 | Lair:5   | Reached skill level 13 in Air Magic
  9517 | Lair:5   | Found a viscous altar of Jiyva.
  9518 | Lair:5   | Found a staircase to the Slime Pits.
  9599 | Lair:5   | Reached ***** piety under Vehumet
  9733 | Lair:5   | Noticed toni2068's ghost (journeyman FoAc)
  9793 | Lair:5   | Offered knowledge of Conjure Ball Lightning by Vehumet.
  9801 | Lair:5   | Learned a level 6 spell: Conjure Ball Lightning
  9862 | Lair:5   | Reached skill level 5 in Fire Magic
  9920 | Lair:5   | Found a transporter.
  9920 | Lair:5   | Found a transporter.
 10183 | Lair:5   | Reached skill level 5 in Poison Magic
 10203 | Lair:5   | Demolished by toni2068's ghost

Skill      XL: |  1  2  3  4  5  6  7  8  9 10 11 12 13 |
---------------+----------------------------------------+-----
Dodging        | 3 4 5 6 |  6.0
Spellcasting   | 3 4 6 7 9 10 11 12 | 12.0
Air Magic      | 4 5 6 7 9 10 11 12 13 | 13.2
Conjurations   | 2 3 4 5 6 8 10 11 12 | 12.0
Short Blades   | 1 2 3 5 6 |  6.0
Fighting       | 1 2 3 5 |  5.0
Poison Magic   | 2 4 5 |  5.1
Fire Magic     | 2 4 5 |  5.1
Shields        | 7 9 |  9.2
Stealth        | |  1.5

Action                   |  1- 3 |  4- 6 |  7- 9 | 10-12 | 13-15 || total
-------------------------+-------+-------+-------+-------+-------++-------
Melee: Dagger            |       |    10 |    14 |    21 |       ||    45
 Cast: Shock             |    67 |    80 |   170 |   303 |    32 ||   652
       Airstrike         |       |     2 |     7 |    54 |    10 ||    73
       Static Discharge  |       |       |    11 |    16 |     2 ||    29
       Lightning Bolt    |       |       |     3 |    10 |    12 ||    25
       Sting             |       |       |    12 |   101 |     9 ||   122
       Swiftness         |       |       |       |     1 |     1 ||     2
       Olgreb's Toxic Ra |       |       |       |     6 |       ||     6
       Venom Bolt        |       |       |       |    17 |     9 ||    26
       Fireball          |       |       |       |     3 |     2 ||     5
       Conjure Ball Ligh |       |       |       |       |     2 ||     2
  Use: Scroll            |       |     2 |     2 |     5 |       ||     9
       Potion            |       |       |       |       |     1 ||     1
  Eat: Chunk             |       |     4 |     7 |    18 |     5 ||    34
Armor: Skin              |     1 |     4 |    11 |    24 |     6 ||    46
Dodge: Dodged            |     3 |    15 |    66 |   179 |    31 ||   294
Block: Other             |     1 |     2 |    18 |    75 |     1 ||    97
       Medium shield     |       |       |       |       |    44 ||    44
